 Dungeon Crawl Stone Soup version 0.28.0-43-g3370ac3207 (webtiles) character file.

Game seed: 3609732945644782038

52 fknight the Cudgeller (level 3, -7/49 HPs)
             Began as a Minotaur Berserker on Mar 4, 2022.
             Was a Believer of Trog.
             Mangled by Terence
             ... wielding a +0 trident
              (10 damage)
             ... on level 2 of the Dungeon.
             The game lasted 00:03:13 (1498 turns).

fknight the Cudgeller (Minotaur Berserker)          Turns: 1498, Time: 00:03:14

Health: -7/49      AC:  3    Str: 23    XL:     3   Next: 60%
Magic:  2/2        EV: 12    Int:  4    God:    Trog [**....]
Gold:   20         SH:  0    Dex: 13    Spells: 2/2 levels left

rFire   . . .      SeeInvis .   a - +0 mace
rCold   + . .      Faith    .   (no shield)
rNeg    . . .      Spirit   .   e - +0 leather armour
rPois   .          Reflect  .   j - +0 hat of the Orcish Mines {Dex+4}
rElec   .          Harm     .   (no cloak)
rCorr   .          Rampage  .   (no gloves)
Will    .....                   (no boots)
Stlth   ..........              (no amulet)
HPRegen 0.16/turn               g - ring of protection from cold
MPRegen 0.08/turn               (no ring)

@: berserking, very quick
A: horns 2, retaliatory headbutt
a: Renounce Religion, Berserk, Trog's Hand


You were on level 2 of the Dungeon.
You worshipped Trog.
Trog was pleased with you.
You visited 1 branch of the dungeon, and saw 2 of its levels.

You collected 20 gold pieces.

Inventory:

Hand Weapons
 a - a +0 mace (weapon)
Missiles
 f - 31 stones (quivered)
 h - 2 throwing nets
Armour
 e - a +0 leather armour (worn)
 j - the +0 hat of the Orcish Mines (worn) {Dex+4}
   (You found it on level 2 of the Dungeon)

   Dex:       It affects your dexterity (+4).
Jewellery
 g - a ring of protection from cold (left hand)
Scrolls
 d - a scroll of teleportation {unknown}
 i - a scroll of blinking {unknown}
Potions
 b - a potion of resistance {unknown}
 c - a potion of mutation {unknown}


   Skills:
 + Level 4.2 Fighting
 + Level 4.2 Maces & Flails
 + Level 3.2 Armour
 + Level 2.9 Dodging


You had 2 spell levels left.
You didn't know any spells.
Your spell library was empty.

Dungeon Overview and Level Annotations

Branches:
Dungeon (2/15)

Altars:

Annotations:
D:2 Terence


Innate Abilities, Weirdness & Mutations

You have a pair of horns on your head.
You reflexively headbutt those who attack you in melee.


Message History

You kill the hobgoblin!
Trog accepts your kill.
You hit the endoplasm.
The endoplasm is severely wounded.
The endoplasm closely misses you. You furiously retaliate!
You headbutt the endoplasm.
You kill the endoplasm!
Trog accepts your kill.
A dart slug comes into view.
The dart slug briefly extends its eye-stalks.
Terence hits you from afar with a +0 trident.
The dart slug bites you.
You hit the dart slug.
The dart slug is heavily wounded.
Terence closely misses you.
You thump the dart slug!
You kill the dart slug!
Trog accepts your kill.
Terence hits you from afar with a +0 trident!
A worm comes into view.
Terence misses you.
You see here a dart slug corpse.
You hit Terence but do no damage. You headbutt Terence.
Terence is moderately wounded.
Terence hits you with a +0 trident.
You barely miss Terence. You headbutt Terence, but do no damage.
Terence is moderately wounded.
Terence hits you with a +0 trident!
* * * LOW HITPOINT WARNING * * *
A red film seems to cover your vision as you go berserk!
You feel yourself moving faster!
You feel mighty! Terence hits you with a +0 trident.
* * * LOW HITPOINT WARNING * * *
You barely miss Terence.
Terence is moderately wounded.
Terence closely misses you. You furiously retaliate!
You headbutt Terence! You hit Terence but do no damage.
Your headbutt misses Terence.
Terence is severely wounded.
Terence hits you with a +0 trident!
You die...

## ..# ...# .....
###################.....#
#...............@@=.w...#
#.###############...#.###
..# ..#...# #.########
##...#.# .......... ##.##
# ..######## .# ..# .#
..########## .#
...........#


You could see Terence and a worm.

Vanquished Creatures
  A worm (D:2)
  3 dart slugs
  3 endoplasms
  8 hobgoblins
  2 jackals (D:2)
  4 quokkas
  8 ball pythons
  3 bats (D:1)
  A frilled lizard (D:1)
  3 kobolds
  A rat (D:2)
37 creatures vanquished.

Notes
Turn   | Place    | Note
-------+----------+-------------------------------------------
     0 | D:1      | fknight the Minotaur Berserker began the quest for the Orb.
     0 | D:1      | Reached XP level 1. HP: 19/19 MP: 0/0
   517 | D:1      | Reached XP level 2. HP: 27/27 MP: 1/1
  1225 | D:2      | Reached ** piety under Trog
  1237 | D:2      | Reached XP level 3. HP: 24/33 MP: 2/2
  1381 | D:2      | Identified the +0 hat of the Orcish Mines {Dex+4}
  1411 | D:2      | Found a faded altar of an unknown god.
  1483 | D:2      | Noticed Terence
  1498 | D:2      | Mangled by Terence

Illustrated notes

Levels and vault maps discovered:
D:1:      dpeg_arrival_another_circle, layout_basic
D:2:      layout_loops_ring, ebering_ecumenical_altar_box, st_stairs_13,
          uniq_terence

Skill      XL: |  1  2 |
---------------+-------+-----
Maces & Flails | 4 |  4.2
Fighting       | 4 |  4.2
Armour         | 3 |  3.2
Dodging        | |  2.9

Action                   || total
-------------------------++-------
Melee: Mace              ||    69
       Headbutt          ||    11
Invok: Berserk           ||     2
Armor: Leather armour    ||    11
       Animal skin       ||     1
Dodge: Dodged            ||    50
